 Seeded DCSS version 0.27-a0-1529-g1e82c303ef (webtiles) character file.

Game seed: 20210709 (custom seed)

11 muata the Chopper (level 2, 27/27 HPs)
             Began as a Minotaur Berserker on July 9, 2021.
             Was a Follower of Trog.
             Quit the game on level 2 of the Dungeon on July 11, 2021.
             The game lasted 00:01:06 (855 turns).

muata the Chopper (Minotaur Berserker)               Turns: 855, Time: 00:01:07

Health: 27/27      AC:  2    Str: 21    XL:     2   Next: 13%
Magic:  1/1        EV: 12    Int:  4    God:    Trog [*.....]
Gold:   15         SH:  0    Dex:  9    Spells: 1/1 levels left

rFire    . . .     SeeInvis .   a - +0 hand axe
rCold    . . .     Faith    .   (no shield)
rNeg     . . .     Spirit   .   b - +0 animal skin
rPois    .         Reflect  .   (helmet restricted)
rElec    .         Harm     .   (no cloak)
rCorr    .         Rampage  .   (no gloves)
Will     .....                  (no boots)
Stlth    +.........             (no amulet)
HPRegen  0.09/turn              (no ring)
MPRegen  0.07/turn              (no ring)

@: no status effects
A: horns 2, retaliatory headbutt
a: Renounce Religion, Berserk


You were on level 2 of the Dungeon.
You worshipped Trog.
Trog was aware of your devotion.
You visited 1 branch of the dungeon, and saw 2 of its levels.

You collected 15 gold pieces.

Inventory:

Hand Weapons
 a - a +0 hand axe (weapon)
Missiles
 e - 8 atropa-tipped darts (quivered)
Armour
 b - a +0 animal skin (worn)
Magical Staves
 f - a staff of death
Scrolls
 d - a scroll of immolation {unknown}
Potions
 c - a potion of brilliance {unknown}
 g - a potion of lignification {unknown}


   Skills:
 + Level 4.0 Fighting
 + Level 4.0 Axes
 - Level 2.4 Armour
 - Level 2.1 Dodging


You had one spell level left.
You didn't know any spells.
Your spell library was empty.

Dungeon Overview and Level Annotations

Branches:
Dungeon (1/15)

Altars:
Ru


Innate Abilities, Weirdness & Mutations

You have a pair of horns on your head.
You reflexively headbutt those who attack you in melee.


Message History

You kill the quokka!
Trog accepts your kill.
e - 8 atropa-tipped darts You now have 15 gold pieces.
Found a stone staircase leading down.
Found a thin runed staff.
Found a robe.
You see here a staff of death.
f - a staff of death You really shouldn't be using a wizardly item like this.
f - a staff of death (weapon)
a - a +0 hand axe (weapon)
You fall into a shaft and drop 1 floor!
The shaft crumbles and collapses.
Found a stone staircase leading down.
There is a stone staircase leading down here.
A quokka comes into view.
A quokka is nearby!
The quokka bites you.
You closely miss the quokka. The quokka barely misses you.
You hit the quokka but do no damage. Your headbutt misses the quokka.
The quokka closely misses you. The quokka bites you.
You hit the quokka but do no damage. Your headbutt misses the quokka.
The quokka barely misses you.
You hit the quokka. Your headbutt misses the quokka.
The quokka is lightly wounded.
The quokka closely misses you.
You slash the quokka!
You kill the quokka!
Trog accepts your kill.
You see here a quokka corpse.
HP restored.
g - a golden potion
Found a sacrificial altar of Ru.
Found an escape hatch in the floor.
Welcome back, muata the Minotaur Berserker.
Game seed: 20210709 (custom seed) Trog says: Kill them all!
Press ? for a list of commands and other information.
Are you sure you want to abandon this character and quit the game? (Confirm with "yes".)

.. #.# ...
#.# ...# #.#
....### #.#
....... #.#
.......###.#
...._...##.#
.......@...#
.......###.#
....### #.#
..> #.# .
#.#########
#.........#
#########.#
#.# #.#


There were no monsters in sight!

Vanquished Creatures
  A bat (D:1)
  4 endoplasms (D:1)
  3 quokkas
8 creatures vanquished.

Notes
Turn   | Place    | Note
-------+----------+-------------------------------------------
     0 | D:1      | muata the Minotaur Berserker began the quest for the Orb.
     0 | D:1      | Reached XP level 1. HP: 19/19 MP: 0/0
   423 | D:1      | Found a faded altar of an unknown god.
   580 | D:1      | Reached XP level 2. HP: 27/27 MP: 1/1
   751 | D:1      | You fall into a shaft and drop 1 floor!
   850 | D:2      | Found a sacrificial altar of Ru.
   855 | D:2      | Upgraded the game from 0.27-a0-1513-g2aaa0cc67b to
                  | 0.27-a0-1529-g1e82c303ef
   855 | D:2      | Quit the game

Illustrated notes

Levels and vault maps discovered:
D:1:      evilmike_arrival_plus, layout_rooms, chequers_ecumenical_altar_simple,
          wad_floor_pattern_1
D:2:      layout_basic, basic_altar

Skill      XL: |  1 |
---------------+----+-----
Fighting       | 4 |  4.0
Axes           | 4 |  4.0
Armour         | |  2.4
Dodging        | |  2.1

Action                   || total
-------------------------++-------
Melee: Hand axe          ||    11
       Headbutt          ||     3
Armor: Animal skin       ||     1
Dodge: Dodged            ||     9

Table legend: (Time is in decaauts)
 A = Elapsed time spent in this place.
 B = Non-inter-level travel time spent in this place.
 C = Inter-level travel time spent in this place.
 D = Time resting spent in this place.
 E = Time spent auto-exploring this place.
 F = Levels seen in this place.
 G = Mean time per level.
                   A        B        C        D        E       F      G
               +--------+--------+--------+--------+--------+-----+--------+
         Total |    854 |    854 |      0 |      0 |    767 |   2 |  427.0 |
       Dungeon |    854 |    854 |      0 |      0 |    767 |   2 |  427.0 |
               +--------+--------+--------+--------+--------+-----+--------+

Top non-repeatable levels by time:
     D:1: 750 daAuts
     D:2: 104 daAuts
